 Dungeon Crawl Stone Soup version 0.26-a0-818-g75db068ed4 (webtiles) character file.

Game seed: 7589025563642811481

321221 2FriedEggs the Hellbinder (level 21, -7/132 HPs)
             Began as a Tengu Gladiator on Nov 14, 2020.
             Was an Initiate of Gozag.
             Mangled by a two-headed ogre
             ... wielding a +0 dire flail
              (17 damage)
             ... on level 3 of the Vaults.
             The game lasted 03:00:52 (60057 turns).

2FriedEggs the Hellbinder (Tengu Gladiator)        Turns: 60057, Time: 03:00:52

Health: -7/132     AC: 15    Str: 23    XL:     21   Next: 52%
Magic:  20/38      EV: 25    Int: 18    God:    Gozag
Gold:   7175       SH:  8    Dex: 13    Spells: 3/30 levels left

rFire    + . .     SeeInvis .   X - +7 demon trident (drain)
rCold    + . .     Faith    .   g - +3 warlock's mirror {reflect}
rNeg     + . .     Spirit   .   t - +2 ring mail {rF+}
rPois    +         Reflect  +   Y - +1 hat of a volcano {rPois rC+ rN+ MP+9}
rElec    +         Harm     .   O - +0 cloak of Vewamoa {MR+ Int+4 Slay+4 Stlth+}
rCorr    +         Rampage  .   W - +2 pair of gloves {Str+3}
MR       ++...     NoTele   +   (boots unavailable)
Stlth    ++........             a - amulet of regeneration
HPRegen  0.72/turn              j - +4 ring of slaying
MPRegen  0.26/turn              Z - ring of Iveidum {rElec rPois rCorr Dex-2}

@: cannot translocate, gold aura, flying quickly and evasively, very slightly
contaminated, quick
A: beak, talons 3, able to fly
}: 2/15 runes: decaying, serpentine
a: Stop Flying, Potion Petition, Call Merchant, Bribe Branch, Renounce Religion


You were on level 3 of the Vaults.
You worshipped Gozag.
Gozag was greatly pleased with you.
You visited 8 branches of the dungeon, and saw 38 of its levels.
You also visited: Ossuary, Bailey and Gauntlet.

You collected 19098 gold pieces.
You spent 5516 gold pieces at shops.
You paid 6407 gold pieces to Gozag.

Inventory:

Hand Weapons
 X - a +7 demon trident of draining (weapon)
Missiles
 R - 20 silver javelins (quivered)
Armour
 g - the +3 warlock's mirror (worn) {reflect}
   (You found it in a bailey)
 t - a +2 ring mail of fire resistance (worn)
 O - the +0 cloak of Vewamoa (worn) {MR+ Int+4 Slay+4 Stlth+}
   (You found it in a Gauntlet)

   It affects your intelligence (+4).
   It affects your accuracy and damage with ranged weapons and melee attacks
   (+4).
   It affects your resistance to hostile enchantments.
   It makes you more stealthy.
 W - a +2 pair of gloves of strength (worn)
 Y - the +1 hat of a volcano (worn) {rPois rC+ rN+ MP+9}
   (You found it in a Gauntlet)

   It protects you from cold.
   It protects you from poison.
   It protects you from negative energy.
   It affects your magic capacity (+9).
Jewellery
 a - an amulet of regeneration (around neck)
 j - a +4 ring of slaying (left hand)
 m - an uncursed amulet of magic regeneration
 n - an uncursed ring of see invisible
 r - an uncursed ring of protection from cold
 s - a +6 ring of intelligence
 A - an uncursed ring of protection from fire
 D - an uncursed ring of protection from cold
 I - a +4 ring of evasion
 J - the ring "Coluer" {rPois rC+ rN+++}
   (You found it on level 9 of the Dungeon)

   [ring of protection from cold]

   It protects you from cold.
   It protects you from poison.
   It renders you almost immune to negative energy.
 Z - the ring of Iveidum (right hand) {rElec rPois rCorr Dex-2}
   (You found it in a Gauntlet)

   [ring of resist corrosion]

   It affects your dexterity (-2).
   It insulates you from electricity.
   It protects you from poison.
   It provides partial protection from all sources of acid and corrosion.
Wands
 b - a wand of iceblast (30)
 F - a wand of paralysis (32)
 Q - a wand of acid (25)
 U - a wand of digging (18)
Scrolls
 e - 3 scrolls of magic mapping
 f - 25 scrolls of teleportation
 i - a scroll of holy word
 l - 20 scrolls of remove curse
 q - 9 scrolls of fog
 u - a scroll of silence
 y - 8 scrolls of enchant armour
 z - 2 scrolls of summoning
 C - 3 scrolls of vulnerability
 G - 7 scrolls of fear
 K - 3 scrolls of identify
 T - a scroll of blinking
Potions
 d - 2 potions of resistance
 h - 3 potions of berserk rage
 k - 9 potions of brilliance
 o - 7 potions of curing
 p - 3 potions of invisibility
 v - 2 potions of cancellation
 w - 6 potions of magic
 x - 10 potions of heal wounds
 B - 3 potions of might
 E - 2 potions of mutation
 H - 3 potions of haste
Miscellaneous
 c - a phantom mirror
 L - a phial of floods
 V - a lightning rod (4/4)


   Skills:
 + Level 14.0 Fighting
 - Level 14.0 Polearms
 - Level 2.0 Throwing
 - Level 12.1 Armour
 + Level 16.8 Dodging
 - Level 4.0 Shields
 + Level 5.0 Spellcasting
 O Level 27 Summonings
 - Level 10.0 Translocations


You had 3 spell levels left.
You knew the following spells:

 Your Spells              Type           Power        Failure   Level
a - Monstrous Menagerie   Summ           #######...   1%          7
b - Summon Horrible Thin  Summ           #######...   1%          8
c - Malign Gateway        Summ/Tloc      ######....   8%          7
d - Summon Mana Viper     Hex/Summ       ######..     1%          5

Your spell library contained the following spells:

 Spells                   Type           Power        Failure   Level
 Call Imp                 Summ           #######.     0%          2
 Blink                    Tloc           N/A          1%          2
 Gell's Gravitas          Tloc           #####.....   1%          3
 Summon Guardian Golem    Hex/Summ       ######..     1%          3
 Portal Projectile        Hex/Tloc       ###...       7%          3
 Animate Skeleton         Necr           #.....       19%         1
 Beastly Appendage        Tmut           #.....       19%         1
 Corona                   Hex            #......      19%         1
 Magic Dart               Conj           #...         19%         1
 Pain                     Necr           #...         19%         1
 Shock                    Conj/Air       #...         19%         1
 Corpse Rot               Necr/Air       N/A          28%         2
 Ensorcelled Hibernation  Hex/Ice        #.....       28%         2
 Passwall                 Tmut/Erth      #.......     28%         2
 Searing Ray              Conj           #.....       28%         2
 Slow                     Hex            #.......     28%         2
 Sublimation of Blood     Necr           #.........   28%         2
 Swiftness                Air            #.......     28%         2
 Wereblood                Tmut           #.......     28%         2
 Confusing Touch          Hex            #.......     50%         3
 Conjure Flame            Conj/Fire      #.......     50%         3
 Dazzling Flash           Conj/Hex       #.....       50%         3
 Ignite Poison            Fire/Tmut/Pois #.......     50%         3
 Mephitic Cloud           Conj/Pois/Air  #.......     50%         3
 Spider Form              Tmut/Pois      #.........   50%         3
 Static Discharge         Conj/Air       #.......     50%         3
 Stone Arrow              Conj/Erth      #.....       50%         3
 Tukima's Dance           Hex            #.......     50%         3
 Vampiric Draining        Necr           #.........   50%         3
 Summon Demon             Summ           #######...   0%          5
 Summon Ice Beast         Ice/Summ       ######..     1%          4
 Summon Forest            Summ/Tloc      ######....   1%          5
 Shadow Creatures         Summ           N/A          1%          6
 Summon Greater Demon     Summ           #######...   1%          7
 Summon Hydra             Summ           #######...   1%          7
 Iskenderun's Mystic Bla  Conj/Tloc      ###.....     24%         4
 Dispersal                Tloc           #####.....   43%         6
 Haunt                    Necr/Summ      ######....   52%         7
 Spellforged Servitor     Conj/Summ      ######....   52%         7
 Airstrike                Air            #.........   88%         4
 Animate Dead             Necr           #.........   88%         4
 Dispel Undead            Necr           #.......     88%         4
 Fulminant Prism          Conj/Hex       #.........   88%         4
 Ice Form                 Ice/Tmut       #.......     88%         4
 Leda's Liquefaction      Hex/Erth       #.........   88%         4
 Petrify                  Tmut/Erth      #.......     88%         4
 Agony                    Necr           #.......     99%         5
 Alistair's Intoxication  Tmut/Pois      #........    99%         5
 Blade Hands              Tmut           #.........   99%         5
 Bolt of Magma            Conj/Fire/Erth #.........   99%         5
 Excruciating Wounds      Necr           #.........   99%         5
 Irradiate                Conj/Tmut      #.........   99%         5
 Iskenderun's Battlesphe  Conj           #.......     99%         5
 Lightning Bolt           Conj/Air       #.........   99%         5
 Metabolic Englaciation   Hex/Ice        #.........   99%         5
 Silence                  Hex/Air        #.........   99%         5
 Yara's Violent Unravell  Hex/Tmut       #.........   99%         5
 Eringya's Noxious Bog    Tmut/Pois      #.........   100%        6
 Hydra Form               Tmut           #.........   100%        6
 Iron Shot                Conj/Erth      #.........   100%        6
 Statue Form              Tmut/Erth      #........    100%        6
 Orb of Destruction       Conj           #.........   100%        7
 Borgnjor's Revivificati  Necr           #.........   100%        8
 Disjunction              Tloc           #####.....   100%        8
 Ignition                 Fire           #.........   100%        8
 Infestation              Necr           #.........   100%        8
 Necromutation            Tmut/Necr      #.........   100%        8
 Death's Door             Necr           #.........   100%        9
 Shatter                  Erth           #.........   100%        9
 Tornado                  Air            #.........   100%        9


Dungeon Overview and Level Annotations

Branches:
Dungeon (15/15)            Temple (1/1) D:6            Lair (6/6) D:8
  Swamp (4/4) Lair:4        Snake (4/4) Lair:2        Slime (0/5) Lair:5
    Orc (2/2) D:12            Elf (3/3) Orc:2        Vaults (3/5) D:14
 Depths (0/5) D:15        Ossuary (visited)          Bailey (visited)
Gauntlet (visited)
  Crypt: Vaults:2-3

Altars:
Ashenzari
Elyvilon
Gozag
Hepliaklqana
Kikubaaqudgha
Makhleb
Okawaru
Ru
Trog
Vehumet
Wu Jian
Yredelemnul
The Shining One
Beogh

Shops:
D:4 :   D:7 ?   D:8 [*::*(:   Orc:2 [}}[   Elf:2 [:   Elf:3 !   Snake:1 }((
Snake:2 ((   Vaults:1 }   Vaults:3 =

Portals:
Hell: Lair:6

Annotations:
D:9 exclusion: statue
Lair:6 exclusion: oklob plant
Orc:1 2 transporters, 2FriedEggs's ghost, journeyman TeSu
Elf:2 3 runed translucent doors


Innate Abilities, Weirdness & Mutations

You have a beak for a mouth.
You have claws for feet.
You can fly continuously.


Message History

You puncture something! You claw something!
Something hits you but does no damage.
You block the purple ugly thing's attack.
The purple ugly thing closely misses you.
The purple ugly thing tail-slaps you!
* * * LOW HITPOINT WARNING * * *
Unknown command.
You cannot blink because you are locked down by a dimension anchor.
You puncture the two-headed ogre! You drain the two-headed ogre.
You claw the two-headed ogre.
The two-headed ogre is heavily wounded.
The two-headed ogre misses you.
The two-headed ogre completely misses you.
The two-headed ogre misses you. You block the two-headed ogre's attack.
You block something's attack.
The two-headed ogre hits you with a +0 dire flail!
* * * LOW HITPOINT WARNING * * *
The two-headed ogre hits you with a +0 giant club!
You die...
Your body crumbles into a pile of gold.

#......#.. .. #......#..
.*. ########..
..w#############.....))).
....................))...
.........................
.........................
.......u.u.......∩.......
......OO@O...............
.......OOu...............
.........................
##+#####+##+#########'###
#.......# #.......#
#...>...# #.......#
#.......#


You could see 3 ugly things, 4 two-headed ogres, an ogre and a friendly eldritch
tentacle.

Vanquished Creatures
  Vashnia (Snake:2)
  A tentacled monstrosity (Swamp:3)
  Rupert (D:14)
  2 liches (D:14)
  A deep elf master archer (Elf:3)
  Frances (D:13)
  Kirke (D:12)
  Donald (Snake:1)
  Roxanne (Snake:1)
  3 deep elf sorcerers
  7 nagarajas (Snake:4)
  An orc warlord (Orc:1)
  Aizul (Snake:1)
  6 vault wardens
  3 ironheart preservers
  A stone giant (Orc:1)
  A spriggan defender (Elf:3)
  2 deep elf annihilators (Elf:3)
  5 deep elf demonologists
  Azrael (D:12)
  A minotaur (Gauntlet)
  4 bunyips
  Snorg (D:14)
  2 eleionomae
  The ghost of bastard the Thaumaturge, a journeyman GnWn of Vehumet (D:14)
  3 deep elf death magi
  3 fire dragons (D:15)
  2 deep elf high priests (Elf:3)
  4 shambling mangroves
  2 yaktaur captains
  13 naga warriors
  A rakshasa (Vaults:2)
  26 hydras
  6 boulder beetles
  3 ghost crabs
  9 nameless horrors
  3 vault guards
  A catoblepas (Lair:6)
  An anaconda (shapeshifter) (Elf:3)
  13 anacondas
  Erica (D:10)
  8 two-headed ogres
  A death knight (D:14)
  5 alligators
  4 centaur warriors
  The ghost of jejorda2 the Cleaver, a novice PaBe of Trog (Lair:1)
  2 tengu warriors (D:14)
  2 ogre magi
  A shock serpent (Snake:4)
  Urug (Lair:5)
  4 orc high priests (Orc:2)
  4 goliath frogs (Swamp:1)
  11 naga sharpshooters
  4 salamander mystics
  10 deep elf knights
  A sixfirhy (Lair:6)
  2 skeletal warriors (Vaults:1)
  An unseen horror (Vaults:1)
  2 sea snakes (Snake:1)
  4 spriggan druids
  7 swamp dragons
  2 wizards
  10 deep elf archers
  A spectral hydra (Lair:1)
  9 naga ritualists
  3 bog bodies
  5 ironbrand convokers
  2 harpies (Vaults:2)
  2 necromancers
  14 orc knights
  15 mana vipers
  A spectral boulder beetle (Lair:1)
  8 orc sorcerers
  5 ugly things
  49 deep elf magi
  A will-o-the-wisp (Swamp:1)
  A wolf spider (Vaults:2)
  7 cyclopes
  3 manticores
  14 salamanders
  3 vault sentinels
  2 centaur zombies
  A smoke demon (Lair:6)
  9 naga magi
  Joseph (D:8)
  13 elephants
  16 guardian serpents
  25 black mambas
  A guardian serpent (shapeshifter) (Vaults:1)
  15 cane toads
  2 torpor snails
  3 gargoyles (D:15)
  A centaur skeleton (D:14)
  An orange demon (Lair:6)
  A kobold demonologist (D:13)
  8 rime drakes
  A freezing wraith (Vaults:1)
  6 komodo dragons
  An efreet (Gauntlet)
  11 yaktaurs
  The ghost of Schnaeble the Skirmisher, an amateur MiFi of Makhleb (D:4)
  2 ice devils (Lair:6)
  A queen bee (Lair:2)
  2 red devils (Lair:6)
  2 bloated husks
  12 trolls
  A troll (shapeshifter) (Vaults:2)
  7 tyrant leeches
  3 meliai (D:15)
  16 blink frogs
  32 slime creatures
  12 hornets
  A fire giant simulacrum (Vaults:3)
  5 wraiths
  An air elemental (Elf:1)
  2 water elementals
  Sigmund (D:4)
  A centaur simulacrum (Gauntlet)
  54 yaks
  A tarantella (shapeshifter) (Vaults:2)
  A wyvern (Lair:3)
  2 spriggans (Swamp:1)
  3 hogs (D:12)
  2 basilisks (Lair:3)
  9 fire elementals
  22 humans (D:14)
  A spectral komodo dragon (Lair:1)
  18 vampire mosquitoes
  6 wargs
  Menkaure (D:4)
  A death yak simulacrum (Lair:1)
  8 swamp worms
  A hydra simulacrum (Lair:1)
  An acid dragon (D:13)
  18 water moccasins
  34 nagas
  Edmund (D:6)
  7 hell hounds
  A soldier ant (shapeshifter) (Vaults:2)
  47 orc warriors
  10 swamp drakes
  8 sky beasts
  6 ice beasts
  5 black bears
  An ice dragon simulacrum (Gauntlet)
  A meliai simulacrum (Gauntlet)
  2 phantoms
  A boulder beetle simulacrum (Lair:1)
  An ogre (shapeshifter) (Vaults:1)
  16 centaurs
  17 ogres
  22 wolves
  2 big kobolds (D:7)
  An elf zombie (Ossuary)
  21 bullfrogs
  An earth elemental (Elf:3)
  A wyvern zombie (D:15)
  3 scorpions
  5 jellies
  24 killer bees (Lair:2)
  17 wights
  2 howler monkeys
  2 vampire bats (D:12)
  4 electric eels
  2 bullfrog zombies
  A quasit (D:7)
  2 human zombies (Ossuary)
  21 orc priests
  6 hounds
  A gnoll shaman (D:4)
  31 orc wizards
  4 bullfrog skeletons
  An iguana (D:11)
  Ijyb (D:4)
  8 worker ants
  A big kobold zombie (Ossuary)
  2 hound zombies
  3 mummies
  2 worker ant zombies (D:10)
  11 gnolls
  15 adders
  A shadow imp (D:8)
  4 ufetubi
  An ooze (D:5)
  An adder skeleton (D:4)
  A worm (D:2)
  3 dart slugs (D:3)
  A leopard gecko (D:9)
  138 orcs
  9 giant cockroaches
  10 goblins
  12 hobgoblins
  18 jackals
  4 quokkas
  A ball python (D:3)
  A ball python skeleton (D:5)
  16 bats
  7 frilled lizards
  3 goblin zombies (Ossuary)
  5 hobgoblin zombies (Ossuary)
  2 jackal zombies (Ossuary)
  25 kobolds
  11 kobold zombies (Ossuary)
  2 leopard gecko skeletons
  10 orc zombies (Ossuary)
  A quokka skeleton (D:4)
  A quokka zombie (D:6)
  10 rats
  2 rat zombies (Ossuary)
1415 creatures vanquished.

Vanquished Creatures (collateral kills)
  2 liches (D:14)
  2 deep elf blademasters (Elf:3)
  Asterion (Snake:1)
  A deep elf master archer (Elf:3)
  6 nagarajas (Snake:4)
  3 deep elf sorcerers
  An orc warlord (Elf:3)
  2 vault wardens
  3 ironheart preservers
  2 deep elf elementalists (Elf:3)
  4 very ugly things
  A stone giant (Vaults:2)
  4 deep elf demonologists
  4 deep elf annihilators (Elf:3)
  2 deep elf death magi (Elf:3)
  The ghost of CzarTim the Basher, a journeyman PaFi of Ashenzari (D:11)
  A vault guard (Vaults:2)
  A deep elf high priest (Elf:3)
  An ice dragon (Vaults:3)
  5 naga warriors
  A centaur warrior (Vaults:1)
  4 anacondas (Snake:1)
  A dancing weapon (Elf:2)
  3 two-headed ogres
  4 ogre magi
  4 shock serpents
  7 naga sharpshooters
  7 deep elf knights
  A salamander mystic (Snake:3)
  3 skeletal warriors (Vaults:1)
  4 deep elf archers
  A flayed ghost (Vaults:2)
  A harpy (Vaults:2)
  A naga ritualist (Snake:4)
  6 ironbrand convokers
  4 orc knights
  5 mana vipers
  12 deep elf magi
  2 wolf spiders
  2 orc sorcerers
  7 ugly things
  3 salamanders
  2 cyclopes (Vaults:1)
  10 black mambas
  A vault sentinel (Vaults:2)
  3 guardian serpents (Snake:4)
  10 naga magi
  12 yaktaurs
  10 slime creatures
  A wraith (Vaults:1)
  4 fire elementals
  A warg (Vaults:2)
  19 nagas
  2 water moccasins (Snake:1)
  An orc warrior (Vaults:1)
  2 nameless horrors
  9 ogres
  An earth elemental (Elf:2)
  2 electric eels (Snake:1)
  An orc wizard (Vaults:2)
  2 orc priests
  2 adders (Snake:1)
  5 orcs
  A hobgoblin (Vaults:1)
  5 ball pythons (Snake:1)
236 creatures vanquished.

Vanquished Creatures (others)
  8 eldritch tentacles
  An eleionoma (Swamp:3)
  6 dancing weapons
  A deep elf knight (Elf:3)
  A bloated husk (Swamp:3)
  A hog (D:12)
  A wight (D:14)
  An orc wizard (Orc:2)
  An orc (Vaults:1)
  2 foxfires (Swamp:1)
  43 fungi
  61 plants
127 creatures vanquished.

Grand Total: 1778 creatures vanquished

Notes
Turn   | Place    | Note
-------+----------+-------------------------------------------
     0 | D:1      | 2FriedEggs the Tengu Gladiator began the quest for the Orb.
     0 | D:1      | Reached XP level 1. HP: 12/12 MP: 2/2
   128 | D:1      | Reached XP level 2. HP: 13/17 MP: 3/3
   613 | D:1      | Reached skill level 1 in Armour
   633 | D:1      | Reached XP level 3. HP: 17/21 MP: 4/4
  1605 | D:2      | Reached XP level 4. HP: 15/27 MP: 5/5
  2270 | D:3      | Gained mutation: You can fly continuously. [Tengu growth]
  2270 | D:3      | Reached XP level 5. HP: 23/32 MP: 6/6
  2315 | D:3      | Reached skill level 5 in Polearms
  2705 | D:3      | Found a faded altar of an unknown god.
  3086 | D:3      | Reached XP level 6. HP: 31/37 MP: 7/7
  3222 | D:4      | Noticed Ijyb
  3232 | D:4      | Killed Ijyb
  3405 | D:4      | Noticed a sky beast
  3405 | D:4      | a worker ant changed into a sky beast
  3522 | D:4      | Killed a sky beast
  3749 | D:4      | Noticed Menkaure
  3876 | D:4      | Reached XP level 7. HP: 38/41 MP: 8/8
  3904 | D:4      | Noticed Sigmund
  4109 | D:4      | Found a white marble altar of Elyvilon.
  4111 | D:4      | Found a burning altar of Makhleb.
  4132 | D:4      | Found Joqeokli's Book Shop.
  4163 | D:4      | Found a hazy altar of Hepliaklqana.
  4261 | D:4      | Killed Menkaure
  4304 | D:4      | Reached skill level 5 in Dodging
  4334 | D:4      | Found a runed translucent door.
  4334 | D:4      | Noticed Schnaeble's ghost (amateur MiFi)
  4840 | D:4      | Killed Sigmund
  5058 | D:4      | Found an iron altar of Okawaru.
  5516 | D:5      | Entered Level 5 of the Dungeon
  5530 | D:5      | Reached XP level 8. HP: 48/48 MP: 9/9
  6551 | D:6      | Found a sand-covered staircase.
  6557 | Ossuary  | Entered an ossuary
  6674 | Ossuary  | Reached skill level 5 in Fighting
  6953 | D:6      | Reached skill level 5 in Armour
  7212 | D:6      | Reached XP level 9. HP: 40/54 MP: 10/10
  7551 | D:6      | Found a bloodstained altar of Trog.
  7605 | D:6      | Found a bloodstained altar of Trog.
  7633 | D:6      | Noticed Edmund
  7652 | D:6      | Killed Edmund
  7703 | D:4      | Found a broken altar of Ashenzari.
  7920 | D:6      | Found a staircase to the Ecumenical Temple.
  7931 | Temple   | Entered the Ecumenical Temple
  7956 | Temple   | Became a worshipper of Gozag Ym Sagoz the Greedy
  8649 | D:7      | Found Hahus's Magic Scroll Shop.
  8674 | D:7      | Bought a scroll of fear for 49 gold pieces
  8674 | D:7      | Bought a scroll of identify for 28 gold pieces
  8683 | D:7      | Noticed a hornet
  8692 | D:7      | Killed a hornet
  9417 | D:7      | Reached skill level 10 in Polearms
  9510 | D:7      | Reached XP level 10. HP: 48/61 MP: 11/11
 10804 | D:8      | Found a staircase to the Lair.
 11005 | D:9      | Got a vibrating pewter ring
 11056 | D:9      | Identified the ring "Coluer" {rPois rC+ rN+++} (You found
                  | it on level 9 of the Dungeon)
 11535 | D:9      | Found a burning altar of Makhleb.
 12140 | D:9      | Found a radiant altar of Vehumet.
 12215 | D:10     | Entered Level 10 of the Dungeon
 13196 | D:10     | Reached XP level 11. HP: 59/68 MP: 12/12
 13330 | D:10     | Noticed a boulder beetle
 13603 | D:10     | Killed a boulder beetle
 13650 | D:10     | Got a pair of distressingly furry boots
 14076 | D:10     | Noticed Erica
 14286 | Lair:1   | Entered Level 1 of the Lair of Beasts
 14352 | Lair:1   | Noticed Joseph
 14620 | D:8      | Killed Joseph
 14856 | Lair:1   | Identified a scroll of acquirement
 14906 | Lair:1   | Acquired a manual of Dodging
 15198 | Lair:1   | Noticed a five-headed hydra
 15428 | Lair:1   | Killed a five-headed hydra
 16100 | Lair:1   | Found a runed translucent gate.
 16102 | Lair:1   | Found a runed translucent gate.
 16102 | Lair:1   | Found a runed translucent gate.
 16105 | Lair:1   | Noticed jejorda2's ghost (novice PaBe)
 16634 | Lair:1   | Reached skill level 10 in Dodging
 16866 | D:8      | Bought a glowing glaive for 342 gold pieces
 17192 | Lair:2   | Reached XP level 12. HP: 75/75 MP: 13/13
 17231 | Lair:2   | Found a staircase to the Snake Pit.
 19362 | Lair:3   | Identified the +1 pair of boots of Gozag's Castigation {rF+
                  | rC- SInv} (You found it on level 10 of the Dungeon)
 19788 | Lair:3   | Reached skill level 10 in Armour
 19888 | Lair:3   | Noticed an eight-headed hydra
 20773 | Lair:4   | Noticed a four-headed hydra
 20795 | Lair:4   | Killed a four-headed hydra
 21042 | Lair:4   | Reached skill level 10 in Fighting
 21423 | Lair:4   | Reached XP level 13. HP: 53/82 MP: 14/14
 21671 | Lair:4   | Found a staircase to the Swamp.
 22521 | Lair:4   | Found the +7 pair of quick blades "Gyre" and "Gimble"
                  | {protect}
 23433 | Lair:5   | Found a staircase to the Slime Pits.
 24759 | Lair:6   | Entered Level 6 of the Lair of Beasts
 25340 | Lair:6   | Identified the Volume of Beguiling and Transmigration
 25355 | Lair:6   | Noticed Urug
 25728 | Lair:5   | Killed Urug
 25729 | Lair:5   | Reached skill level 15 in Dodging
 26347 | Lair:6   | Reached XP level 14. HP: 91/91 MP: 15/15
 27270 | Lair:6   | Found a burning altar of Makhleb.
 27479 | Lair:6   | Found a gateway to Hell.
 27815 | D:8      | Bought a Grand Grimoire for 1104 gold pieces
 27824 | D:8      | Learned a level 7 spell: Monstrous Menagerie
 28137 | D:10     | Killed Erica
 28138 | D:10     | Reached skill level 1 in Summonings
 28349 | D:11     | Reached skill level 1 in Shields
 28349 | D:11     | Reached skill level 2 in Summonings
 28401 | D:11     | Found a large runed translucent door.
 28401 | D:11     | Found a large runed translucent door.
 28406 | D:11     | Noticed CzarTim's ghost (journeyman PaFi)
 28557 | D:11     | Reached skill level 3 in Summonings
 28956 | D:12     | Found a gate leading to a gauntlet.
 28978 | Gauntlet | Entered a Gauntlet
 28978 | Gauntlet | Found a transporter.
 28978 | Gauntlet | Found a transporter.
 28978 | Gauntlet | Found a transporter.
 28982 | Gauntlet | Found a transporter.
 28991 | Gauntlet | Found a transporter.
 28994 | Gauntlet | Found a transporter.
 29015 | Gauntlet | Found a transporter.
 29038 | Gauntlet | Found a transporter.
 29057 | Gauntlet | Found a transporter.
 29065 | Gauntlet | Found a transporter.
 29084 | Gauntlet | Found a transporter.
 29136 | Gauntlet | Found a transporter.
 29227 | Gauntlet | Got a pitted bronze ring
 29231 | Gauntlet | Identified the cursed ring "Epairin" {rC+ rN+ AC-4 Dex+2}
                  | (You found it in a Gauntlet)
 29288 | Gauntlet | Got a pitted cloak
 29294 | Gauntlet | Identified the +0 cloak of Vewamoa {MR+ Int+4 Slay+4
                  | Stlth+} (You found it in a Gauntlet)
 29317 | Gauntlet | Reached skill level 4 in Summonings
 29353 | Gauntlet | Got a crude copper ring
 29357 | Gauntlet | Identified the Papyrus of Enchantment
 29362 | Gauntlet | Identified the Volume of Shape Shifting
 29374 | Gauntlet | Identified the ring of Iveidum {rElec rPois rCorr Dex-2}
                  | (You found it in a Gauntlet)
 29389 | Gauntlet | Got a translucent hat
 29400 | Gauntlet | Identified the +1 hat of a volcano {rPois rC+ rN+ MP+9}
                  | (You found it in a Gauntlet)
 29539 | D:12     | Noticed Kirke
 29855 | D:12     | Found a staircase to the Orcish Mines.
 29894 | D:12     | Noticed Azrael
 29926 | D:13     | Reached skill level 5 in Summonings
 30020 | D:13     | You are sucked into a shaft and drop 2 floors!
 30020 | D:15     | Entered Level 15 of the Dungeon
 30129 | D:14     | Reached skill level 6 in Summonings
 30161 | D:14     | You are sucked into a shaft and drop 1 floor!
 30255 | D:14     | Reached XP level 15. HP: 93/99 MP: 16/16
 30305 | D:14     | Reached skill level 7 in Summonings
 30386 | D:14     | Found a gate to the Vaults.
 30489 | D:13     | Found a flagged portal.
 30498 | Bailey   | Entered a bailey
 30530 | Bailey   | Reached skill level 8 in Summonings
 30698 | Bailey   | Found the +3 warlock's mirror {reflect}
 30974 | D:12     | Noticed a sphinx
 31084 | D:12     | Killed Azrael
 31217 | D:12     | Killed Kirke
 31218 | D:12     | Reached skill level 9 in Summonings
 31395 | D:13     | Noticed Frances
 31415 | D:13     | Killed Frances
 31843 | D:13     | Reached skill level 10 in Summonings
 32021 | D:14     | Noticed Snorg
 32072 | D:14     | Killed Snorg
 32225 | D:14     | Found a runed translucent gate.
 32225 | D:14     | Found a runed translucent gate.
 32225 | D:14     | Found a runed translucent gate.
 32225 | D:14     | Found an ancient bone altar of Kikubaaqudgha.
 32225 | D:14     | Noticed a lich
 32226 | D:14     | Noticed bastard's ghost (journeyman GnWn)
 32226 | D:14     | Noticed a lich
 32226 | D:14     | Noticed a lich
 32227 | D:14     | Noticed a lich
 32456 | D:14     | Reached skill level 11 in Summonings
 32466 | D:14     | Noticed Rupert
 32520 | D:14     | Killed Rupert
 33074 | D:14     | Reached skill level 12 in Summonings
 33261 | D:15     | Found a staircase to the Depths.
 33723 | D:15     | Reached skill level 13 in Summonings
 34024 | Orc:1    | Entered Level 1 of the Orcish Mines
 34038 | Orc:1    | Found a roughly hewn altar of Beogh.
 34108 | Orc:1    | Found a transporter.
 34117 | Orc:1    | Found a transporter.
 34119 | Orc:1    | Noticed 2FriedEggs's ghost (journeyman TeSu)
 34138 | Orc:1    | Noticed an orc warlord
 34168 | Orc:1    | Reached XP level 16. HP: 106/106 MP: 17/17
 34822 | Orc:2    | Entered Level 2 of the Orcish Mines
 34948 | Orc:2    | Reached skill level 14 in Summonings
 35163 | Orc:2    | Found a staircase to the Elven Halls.
 35792 | Orc:2    | Reached skill level 15 in Summonings
 35799 | Orc:2    | Found Sirgh's Gadget Shop.
 35799 | Orc:2    | Found Tallah's Antique Armour Shoppe.
 35801 | Orc:2    | Found Mumofidgh's Armour Shop.
 35801 | Orc:2    | Found Hixkaoss's Gadget Shoppe.
 36105 | D:8      | Bought a scroll of teleportation for 42 gold pieces
 36111 | D:8      | Bought a scroll of enchant weapon for 105 gold pieces
 36243 | Swamp:1  | Entered Level 1 of the Swamp
 36724 | Swamp:1  | Reached skill level 16 in Summonings
 37592 | Swamp:2  | Reached skill level 17 in Summonings
 38680 | Swamp:3  | Noticed a tentacled monstrosity
 38699 | Swamp:3  | Killed a tentacled monstrosity
 38700 | Swamp:3  | Reached XP level 17. HP: 89/111 MP: 18/18
 38935 | Swamp:4  | Entered Level 4 of the Swamp
 38962 | Swamp:4  | Reached skill level 18 in Summonings
 39372 | Swamp:4  | Reached skill level 19 in Summonings
 39408 | Swamp:4  | Reached skill level 1 in Spellcasting
 39481 | Swamp:4  | Got a decaying rune of Zot
 39860 | Snake:1  | Entered Level 1 of the Snake Pit
 39960 | Lair:2   | Learned a level 8 spell: Summon Horrible Things
 40196 | Snake:1  | Noticed Aizul
 40209 | Snake:1  | Killed Aizul
 40899 | Snake:1  | Found a runed translucent gate.
 40899 | Snake:1  | Found a runed translucent gate.
 40899 | Snake:1  | Found a runed translucent gate.
 41152 | Snake:1  | Noticed Asterion
 41164 | Snake:1  | Killed Asterion
 41310 | Snake:1  | Identified Roxanne's Almanac of Shape Shifting
 41310 | Snake:1  | Noticed Roxanne
 41310 | Snake:1  | You are sucked into a shaft and drop 1 floor!
 41350 | Snake:2  | Reached skill level 20 in Summonings
 41440 | Snake:2  | Noticed Vashnia
 41475 | Snake:2  | Killed Vashnia
 41667 | Snake:1  | Found Vyets's Gadget Emporium.
 41669 | Snake:1  | Found Yggidgh's Antique Weapon Shoppe.
 41671 | Snake:1  | Found Xil Feok's Weapon Emporium.
 41712 | Snake:1  | Noticed Donald
 41720 | Snake:1  | Killed Donald
 42217 | Snake:1  | Reached XP level 18. HP: 92/116 MP: 15/26
 42311 | Snake:1  | Learned a level 7 spell: Malign Gateway
 42503 | Snake:1  | Killed Roxanne
 42911 | Snake:1  | Reached skill level 5 in Spellcasting
 43447 | Snake:2  | Identified the ring "Igagiqej" {rPois Str+8 Stlth+}
 43480 | Snake:2  | Identified the +5 leather armour of Jeeronto {rC+} (You
                  | found it on level 2 of the Snake Pit)
 43719 | Snake:2  | Reached skill level 21 in Summonings
 43837 | Snake:2  | Found Boom's Weapon Boutique.
 43837 | Snake:2  | Found Uguakhlo's Antique Weapon Shop.
 43853 | Snake:2  | Reached skill level 1 in Translocations
 46023 | Snake:4  | Entered Level 4 of the Snake Pit
 46461 | Snake:4  | Reached skill level 22 in Summonings
 47096 | Snake:4  | Reached skill level 5 in Translocations
 47246 | Snake:4  | Got a glittering silver ring
 47247 | Snake:4  | Identified the ring "Bishadis" {rN++ Int+6 Dex+2} (You
                  | found it on level 4 of the Snake Pit)
 47311 | Snake:4  | Reached XP level 19. HP: 115/121 MP: 22/27
 47652 | Snake:4  | Reached skill level 23 in Summonings
 47982 | Snake:4  | Got a serpentine rune of Zot
 48401 | Lair:1   | Killed jejorda2's ghost
 48623 | D:4      | Killed Schnaeble's ghost
 48795 | D:11     | Killed CzarTim's ghost
 48805 | D:11     | Identified the +2 chain mail of Greater Demons {MR- Dex+8}
                  | (You found it on level 11 of the Dungeon)
 48951 | D:14     | Killed a lich
 49165 | D:14     | Identified Ustroarecuo's Handbook of Fetching Transmutation
 49178 | D:14     | Got a brightly glowing bone ring
 49180 | D:14     | Identified the ring of the Fool {rC+ Stlth-} (You found it
                  | on level 14 of the Dungeon)
 49188 | D:14     | Identified the +1 cloak of Fortification {rCorr} (You found
                  | it on level 14 of the Dungeon)
 49202 | D:14     | Killed a lich
 49269 | D:14     | Found an ancient bone altar of Kikubaaqudgha.
 49450 | D:14     | Killed bastard's ghost
 49847 | D:14     | Found a gate to the Vaults.
 50044 | D:8      | Bought a transparent cloak for 361 gold pieces
 50044 | D:8      | Identified the cursed +0 cloak "Fuoka" {MP+9} (You bought
                  | it in a shop on level 8 of the Dungeon)
 50046 | D:8      | Bought a brightly glowing leather armour for 266 gold
                  | pieces
 50046 | D:8      | Identified the +2 leather armour of Cynicism {rElec rN+}
                  | (You bought it in a shop on level 8 of the Dungeon)
 50048 | D:8      | Bought the +4 Cigotuvi's embrace {rRot *Drain rN+} for 1048
                  | gold pieces
 50048 | D:8      | Found the +4 Cigotuvi's embrace {rRot *Drain rN+}
 50195 | Elf:1    | Entered Level 1 of the Elven Halls
 51142 | Elf:1    | Reached skill level 24 in Summonings
 51391 | Elf:1    | Identified the Papyrus of Forking Paths
 51879 | Elf:2    | Found Mearodoeg's Book Emporium.
 51887 | Elf:2    | Bought a book of Summonings for 1260 gold pieces
 51893 | Elf:2    | Learned a level 5 spell: Summon Mana Viper
 51905 | Elf:2    | Found Soghax's Antique Armour Shop.
 52359 | Elf:2    | Found a runed translucent gate.
 52359 | Elf:2    | Found a runed translucent gate.
 52360 | Elf:2    | Found a runed translucent gate.
 52492 | Elf:3    | Entered Level 3 of the Elven Halls
 52540 | Elf:3    | Reached XP level 20. HP: 102/127 MP: 28/28
 52798 | Elf:3    | Found Neotanuh's Distillery.
 52804 | Elf:3    | Bought a potion of heal wounds for 60 gold pieces
 53802 | Elf:3    | Identified the +8 short sword of the Scorching Gnat {venom,
                  | *Rage +Inv +Fly}
 53802 | Elf:3    | Identified the cursed +1 robe of the Lair of Beasts {rCorr
                  | Int+4 SInv}
 54008 | Elf:3    | Reached skill level 25 in Summonings
 54293 | Elf:3    | Identified the +6 great sword of Departure {vorpal, rF+}
 54293 | Elf:3    | Identified the +4 ring mail of Restlessness {Stlth+}
 54758 | Vaults:1 | Entered Level 1 of the Vaults
 54871 | Vaults:1 | Found Ehogh's Gadget Boutique.
 56302 | Vaults:1 | You are sucked into a shaft and drop 1 floor!
 57069 | Vaults:2 | Reached XP level 21. HP: 109/132 MP: 29/29
 57402 | Vaults:2 | Reached skill level 10 in Translocations
 57441 | Vaults:2 | Reached skill level 26 in Summonings
 59132 | Elf:2    | Bought a transparent ring mail for 333 gold pieces
 59133 | Elf:2    | Identified the +3 ring mail "Nepnuops" {Harm *Slow rC+ MR+}
                  | (You bought it in a shop on level 2 of the Elven Halls)
 59137 | Elf:2    | Bought a shimmering leather armour for 259 gold pieces
 59137 | Elf:2    | Bought a fine leather armour for 259 gold pieces
 59137 | Elf:2    | Identified the +1 leather armour of Greater Demons {Regen+
                  | Slay+3} (You bought it in a shop on level 2 of the Elven
                  | Halls)
 59138 | Elf:2    | Identified the +2 leather armour "Nobic" {Int+3 Slay+2}
                  | (You bought it in a shop on level 2 of the Elven Halls)
 59924 | Vaults:3 | Found Sotym's Jewellery Boutique.
 59935 | Vaults:3 | Reached skill level 27 in Summonings
 60057 | Vaults:3 | Mangled by a two-headed ogre

Illustrated notes

Levels and vault maps discovered:
D:1:      giann_wishing_wells, layout_loops_ring
D:2:      layout_loops_ring
D:3:      layout_basic, chequers_ecumenical_altar_twisty
D:4:      layout_basic, okawaru_altar_gauntlet_db,
          nicolae_overflow_hidden_temple, serial_shops,
          nicolae_shop_behind_doors, gammafunk_ghost_grave, uniq_menkaure,
          uniq_ijyb, uniq_sigmund
D:5:      layout_rooms
D:6:      layout_gridville, trog_ov_bears_minmay, minmay_temple_entry_mist,
          gup_ossuary_entry_pyramid, trog_hazing_becter, uniq_edmund
D:7:      layout_gridville, serial_shops, shop
D:8:      layout_basic, dpeg_oklobed_lair
D:9:      layout_basic, vehumet_statue, bloody_makhleb
D:10:     layout_irregular_city, uniq_erica
D:11:     layout_basic, ebering_ghost_disaster_area
D:12:     layout_big_octagon, hiddenorc2_lemuel, gauntlet_entry_generic,
          roderic_batcave, uniq_azrael, uniq_kirke
D:13:     layout_roguey, enter_bailey_8, minmay_misc_feat_x, uniq_frances
D:14:     layout_loops_ring, grunt_vaults_entry_tiered, gammafunk_ghost_crypt,
          grunt_ministairs_15, uniq_rupert, uniq_snorg
D:15:     grunt_enter_depths_hoard, layout_small_grid
Temple:   regret_index_temple_waves
Lair:1:   layout_roguey, gammafunk_ghost_necromancy, serial_bayou_pond_c,
          uniq_joseph
Lair:2:   layout_cave_pods, guppyfry_snake_entry_island, special_room
          [special_room_bee]
Lair:3:   layout_long_grid
Lair:4:   layout_small_grid, skrybe_swamp_entry_bodies, grunt_megastairs_1
Lair:5:   layout_cave_pods, minmay_slime_entry_pillars
Lair:6:   evil_forest, layout_cave_pods, lookout_lair_type, lemuel_fruit_tree,
          uniq_urug
Swamp:1:  layout_basic_swamp, hangedman_swamp_blocks
Swamp:2:  layout_falls_marsh, nicolae_swamp_trees_clearing
Swamp:3:  cheibrodos_swamp_monstrosity, layout_basic_swamp,
          nicolae_swamp_orc_logging_accident, swamp_pool1, hangedman_swamp_pad
Swamp:4:  swamp, layout_basic_swamp, swamp_pool4, nicolae_swamp_dense_foliage
Snake:1:  layout_grid_maze, grunt_ministairs_7, nicolae_snake_horde_hoard,
          serial_bayou_shore_a, minmay_shop_star, serial_bayou_shore_b,
          grunt_megastairs_5, uniq_asterion, uniq_roxanne, uniq_aizul,
          uniq_donald
Snake:2:  layout_rooms, minmay_shoptagon, uniq_vashnia
Snake:3:  layout_basic, grunt_megastairs_4
Snake:4:  snake_hunt, layout_cave_town, grunt_ministairs_10,
          serial_bayou_pond_c, grunt_megastairs_3
Orc:1:    layout_caves, basic_altar, gammafunk_ghost_berserking_beasts
Orc:2:    grunt_orc_tribal_feast, layout_caves
Elf:1:    minmay_elf_arrival_summoners, layout_loops_cross, minmay_elf_sorcery
Elf:2:    layout_gridlike, serial_shops, shop, nicolae_shop_trees, serial_glass,
          glass_columns_a, glass_columns_a, glass_columns_b, glass_columns_a,
          glass_columns_a, glass_columns_a, uniq_saint_roka
Elf:3:    grunt_elf_hall_asides, layout_geoelf_castle, serial_shops, shop,
          sword_in_stone
Vaults:1: vaults_mumra_hex, nicolae_vaults_network_quincunx
          [nicolae_vaults_network_quincunx_subvault,
          nicolae_vaults_network_quincunx_subvault,
          nicolae_vaults_network_quincunx_subvault,
          nicolae_vaults_network_quincunx_subvault,
          nicolae_vaults_network_quincunx_subvault],
          ontoclasm_vaults_loading_screen, nicolae_vaults_big_ls,
          vaults_room_fours, v_misc_29, vaults_room_grunt_arrival_ludios,
          nicolae_vaults_little_ls, ontoclasm_vaults_decontamination,
          vaults_dpeg_ring, layout_vaults_omnicross, serial_shops,
          nicolae_shop_stone
Vaults:2: ontoclasm_vaults_loading_screen, v_misc_4, v_misc_28,
          grunt_vaults_hallway_short, vaults_mumra_minichess,
          layout_vaults_quadrants
Vaults:3: v_misc_9, minmay_crypt_entry_nasty_monster, vaults_room_ringed_pool,
          nicolae_vaults_network_square, hangedman_vaults_river_flow,
          vaults_room_pool, v_rooms_4, ontoclasm_vaults_loading_screen,
          nicolae_vaults_rhombus_7, ontoclasm_vaults_ring_small,
          nicolae_vaults_three_branches, layout_vaults_omnibox, serial_shops,
          shop

Skill      XL: |  1  2  3  4  5  6  7  8  9 10 11 12 13 14 15 16 17 18 19 20 21 |
---------------+----------------------------------------------------------------+-----
Armour         | 1 2 3 5 6 7 9 10 12 | 12.1
Polearms       | 4 5 6 8 10 11 13 14 | 14.0
Dodging        | 4 5 6 7 8 10 12 15 16 | 16.8
Fighting       | 3 4 5 6 7 8 10 11 13 14 | 14.0
Summonings     | 6 13 17 20 22 24 25 27 | 27.0
Shields        | 3 4 |  4.0
Spellcasting   | 4 5 |  5.0
Translocations | 5 7 9 10 | 10.0
Throwing       | |  2.0

Action                   |  1- 3 |  4- 6 |  7- 9 | 10-12 | 13-15 | 16-18 | 19-21 || total
-------------------------+-------+-------+-------+-------+-------+-------+-------++-------
Melee: Trident           |   121 |   117 |   403 |   607 |       |       |       ||  1248
       Kick              |    17 |    29 |    91 |   280 |   354 |   276 |   247 ||  1294
       Peck              |    10 |    10 |    62 |   174 |   226 |   182 |   152 ||   816
       Unarmed           |       |     2 |       |       |       |       |       ||     2
       Glaive            |       |       |       |   385 |   358 |       |       ||   743
       Battleaxe         |       |       |       |    20 |       |       |       ||    20
       Demon trident     |       |       |       |       |   998 |  1233 |  1003 ||  3234
Throw: Dart              |     3 |    70 |   119 |    67 |    35 |       |       ||   294
       Throwing net      |       |     2 |     3 |     1 |       |       |       ||     6
 Cast: Monstrous Menager |       |       |       |       |       |   116 |    77 ||   193
       Summon Horrible T |       |       |       |       |       |     3 |    42 ||    45
       Summon Mana Viper |       |       |       |       |       |       |     4 ||     4
       Malign Gateway    |       |       |       |       |       |       |     9 ||     9
Invok: Call Merchant     |       |       |       |     1 |     2 |     1 |     3 ||     7
 Abil: Fly               |       |     1 |       |       |       |       |       ||     1
Evoke: Wand              |       |     1 |     8 |    22 |    18 |       |       ||    49
       Phial of floods   |       |       |       |       |     1 |       |       ||     1
       Phantom mirror    |       |       |       |       |     1 |       |       ||     1
  Use: Scroll            |       |     4 |    10 |     9 |    16 |    10 |    14 ||    63
       Potion            |       |       |     7 |       |     2 |     1 |     1 ||    11
 Stab: Sleeping          |     1 |     1 |       |       |     8 |     6 |     1 ||    17
       Invisible         |       |       |     2 |       |     1 |       |       ||     3
       Paralysed         |       |       |       |     2 |     4 |       |     2 ||     8
       Held in net/web   |       |       |       |     2 |       |       |       ||     2
       Distracted        |       |       |       |     3 |     7 |    24 |    13 ||    47
       Petrifying        |       |       |       |       |       |       |     1 ||     1
       Petrified         |       |       |       |       |       |       |     1 ||     1
Armor: Leather armour    |    14 |     5 |       |       |       |     4 |     1 ||    24
       Scale mail        |       |     5 |       |       |       |       |       ||     5
       Ring mail         |       |    12 |    61 |   145 |   112 |    76 |    66 ||   472
Dodge: Dodged            |    57 |    66 |   286 |  1064 |   966 |   493 |   340 ||  3272
Block: Buckler           |       |       |       |       |    97 |   204 |   164 ||   465
       Reflection        |       |       |       |       |    14 |    38 |    52 ||   104

Table legend: (Time is in decaauts)
 A = Elapsed time spent in this place.
 B = Non-inter-level travel time spent in this place.
 C = Inter-level travel time spent in this place.
 D = Time resting spent in this place.
 E = Time spent auto-exploring this place.
 F = Levels seen in this place.
 G = Mean time per level.
                   A        B        C        D        E       F      G
               +--------+--------+--------+--------+--------+-----+--------+
         Total |  55529 |  51317 |   4212 |   8530 |  29930 |  41 | 1354.4 |
       Dungeon |  19926 |  17801 |   2125 |   3099 |  10056 |  15 | 1328.4 |
        Temple |     35 |     25 |     10 |      0 |     18 |   1 |   35.0 |
          Lair |  13066 |  11918 |   1148 |   3632 |   5201 |   6 | 2177.7 |
         Swamp |   3093 |   2947 |    146 |    287 |   2061 |   4 |  773.2 |
     Snake Pit |   7678 |   7481 |    197 |    355 |   5773 |   4 | 1919.5 |
  Orcish Mines |   2037 |   1890 |    147 |    246 |   1100 |   2 | 1018.5 |
   Elven Halls |   4017 |   3708 |    309 |    526 |   2118 |   3 | 1339.0 |
        Vaults |   4528 |   4402 |    126 |    365 |   3044 |   3 | 1509.3 |
       Ossuary |    357 |    357 |      0 |      0 |    225 |   1 |  357.0 |
        Bailey |    367 |    367 |      0 |      0 |    182 |   1 |  367.0 |
      Gauntlet |    421 |    421 |      0 |     19 |    145 |   1 |  421.0 |
               +--------+--------+--------+--------+--------+-----+--------+

Top non-repeatable levels by time:
  Lair:2: 3113 daAuts
 Snake:1: 2893 daAuts
  Lair:4: 2542 daAuts
    D:14: 2127 daAuts
  Lair:1: 2127 daAuts
     D:4: 2121 daAuts
Vaults:1: 2116 daAuts
 Snake:4: 1954 daAuts
  Lair:5: 1949 daAuts
   Elf:3: 1925 daAuts
  Lair:6: 1851 daAuts
 Snake:3: 1820 daAuts
Vaults:2: 1781 daAuts
     D:7: 1705 daAuts
     D:9: 1686 daAuts
